 Dungeon Crawl Stone Soup version 0.19.5 (webtiles) character file.

166 Jerry the Slasher (level 5, -1/36 HPs)
             Began as a High Elf Monk on May 3, 2017.
             Slain by an orc
             ... wielding a +0 club
              (5 damage)
             ... on level 2 of the Dungeon.
             The game lasted 00:08:53 (3228 turns).

Jerry the Slasher (High Elf Monk)                   Turns: 3228, Time: 00:08:54

Health: -1/36      AC:  4    Str: 11    XL:     5   Next: 22%
Magic:  6/6        EV: 14    Int: 13    God:
Gold:   34         SH:  0    Dex: 18    Spells: 0 memorised, 4 levels left

rFire  . . .     SeeInvis .     a - +0 falchion
rCold  . . .     Gourm    .     n - +0 leather armour
rNeg   . . .     Faith    .     (no shield)
rPois  .         Spirit   .     e - +0 helmet
rElec  .         Reflect  .     (no cloak)
rCorr  .         Harm     .     (no gloves)
MR     .....                    (no boots)
Stlth  ++........               (no amulet)
                                (no ring)
                                (no ring)

@: no status effects
A: no striking features
a: no special abilities


You were on level 2 of the Dungeon.
You were not hungry.

You visited 1 branch of the dungeon, and saw 3 of its levels.

You collected 34 gold pieces.

Inventory:

Hand Weapons
 a - a +0 falchion (weapon)
Armour
 e - a +0 helmet (worn)
 n - a +0 leather armour (worn)
Scrolls
 b - a scroll of remove curse {unknown}
 h - 3 scrolls of teleportation {unknown}
 i - a scroll of amnesia {unknown}
 m - a scroll of enchant armour {unknown}
Potions
 d - 2 potions of mutation {unknown}
 f - a potion of brilliance {unknown}
 g - 2 potions of might {unknown}
 k - a potion of heal wounds {unknown}
 o - a potion of berserk rage {unknown}
Comestibles
 c - 2 bread rations
 j - 2 meat rations
 l - a royal jelly
 p - a beef jerky
 q - 5 chunks of flesh


   Skills:
 + Level 3.6 Fighting
 * Level 5.6 Long Blades
 + Level 1.5 Armour
 + Level 3.9 Dodging
 - Level 2.4 Stealth


You had 4 spell levels left.
You didn't know any spells.

Dungeon Overview and Level Annotations

Branches:
Dungeon (3/15)

Altars:
The Shining One


Message History

You hit the orc priest.
The orc priest is moderately wounded.
The orc priest hits you with a flail of protection.
* * * LOW HITPOINT WARNING * * *
The orc hits you but does no damage.
You hit the orc priest but do no damage.
The orc priest is moderately wounded.
The orc priest hits you with a flail of protection.
* * * LOW HITPOINT WARNING * * *
The orc closely misses you.
You riposte.
You barely miss the orc. You barely miss the orc priest.
The orc priest is moderately wounded.
The orc priest barely misses you. The orc hits you with a club.
* * * LOW HITPOINT WARNING * * *
You hit the orc priest but do no damage.
The orc priest is moderately wounded.
The orc priest hits you with a flail of protection.
* * * LOW HITPOINT WARNING * * *
The orc hits you with a club.
You die...

########### #..# #.#
..........########..# ###
#######............## ###
#...########.####_###
##### ####.##.....#
#..<.##♣...♣#
#.#####.....#
#.#####♣...♣#
###############o@oo####'##
................##......#
###############.#########
#.# #.# ##########.#
######......)...#
.......########## ########


You could see an orc priest and 2 orcs.

Vanquished Creatures
  6 adders (D:2)
  2 oozes (D:1)
  4 dart slugs
  2 worms (D:2)
  2 leopard geckos (D:1)
  7 orcs (D:2)
  8 bats
  6 giant cockroaches (D:1)
  6 goblins
  10 hobgoblins
  2 jackals (D:1)
  6 kobolds
  A quokka (D:2)
  3 ball pythons (D:1)
  4 frilled lizards
  15 rats
84 creatures vanquished.

Notes
Turn   | Place    | Note
-------+----------+-------------------------------------------
     0 | D:1      | Jerry the High Elf Monk began the quest for the Orb.
     0 | D:1      | Reached XP level 1. HP: 16/16 MP: 2/2
     3 | D:1      | Found a runed door.
   390 | D:1      | Reached XP level 2. HP: 11/21 MP: 3/3
   392 | D:1      | Reached skill level 4 in Long Blades
   939 | D:1      | Reached XP level 3. HP: 17/26 MP: 4/4
  1434 | D:1      | Reached skill level 1 in Armour
  1773 | D:2      | Found a glowing golden altar of the Shining One.
  1811 | D:2      | Reached skill level 5 in Long Blades
  1811 | D:2      | Reached XP level 4. HP: 19/31 MP: 5/5
  2925 | D:2      | Reached XP level 5. HP: 35/36 MP: 6/6
  3228 | D:2      | Slain by an orc

Skill      XL: |  1  2  3 |
---------------+----------+-----
Long Blades    | 4 5 |  5.6
Armour         | 1 |  1.5
Fighting       | |  3.6
Dodging        | |  3.9
Stealth        | |  2.4

Action                   |  1- 3 |  4- 6 || total
-------------------------+-------+-------++-------
Melee: Falchion          |   148 |   105 ||   253
 Stab: Sleeping          |     5 |     5 ||    10
  Eat: Chunk             |     3 |     5 ||     8
Armor: Robe              |     7 |       ||     7
       Leather armour    |    18 |    33 ||    51
Dodge: Dodged            |   109 |   108 ||   217
       Rpst.: Falchion   |    33 |    37 ||    70
